 Dungeon Crawl Stone Soup version 0.29.0-11-gd7f09526c8 (webtiles) character file.

Game seed: 12976068301175545134

4 DoubleLucky the Caller (level 1, 0/10 HPs)
             Began as a Tengu Summoner on Sept 3, 2022.
             Slain by a jackal (1 damage)
             ... on level 1 of the Dungeon.
             The game lasted 00:01:47 (120 turns).

DoubleLucky the Caller (Tengu Summoner)              Turns: 120, Time: 00:01:48

Health: 0/10       AC:  2    Str:  8    XL:     1   Next: 70%
Magic:  1/4        EV: 12    Int: 15    God:
Gold:   0          SH:  0    Dex: 14    Spells: 3/4 levels left

rFire   . . .      SeeInvis .   c - +0 dagger
rCold   . . .      Faith    .   (no shield)
rNeg    . . .      Spirit   .   a - +0 robe
rPois   .          Reflect  .   (helmet restricted)
rElec   .          Harm     .   (no cloak)
rCorr   .          Rampage  .   (no gloves)
Will    .....                   (boots unavailable)
Stlth   ++........              (no amulet)
HPRegen 0.03/turn               (no ring)
MPRegen 0.09/turn               (no ring)

@: no status effects
A: beak, talons 3
a: no special abilities


You were on level 1 of the Dungeon.
You visited 1 branch of the dungeon, and saw 1 of its levels.

Inventory:

Hand Weapons
 c - a +0 dagger (weapon)
Armour
 a - a +0 robe (worn)
Potions
 b - a potion of magic


   Skills:
 - Level 2.1 Dodging
 - Level 2.0 Stealth
 + Level 2.3 Spellcasting
 - Level 4.8 Summonings


You had 3 spell levels left.
You knew the following spells:

 Your Spells              Type           Power      Damage    Failure   Level
a - Summon Small Mammal   Summ           64%        N/A       3%          1

Your spell library contained the following spells:

 Spells                   Type           Power      Damage    Failure   Level
 Call Imp                 Summ           16%        N/A       4%          2
 Call Canine Familiar     Summ           16%        N/A       9%          3
 Summon Guardian Golem    Hex/Summ       9%         N/A       24%         3
 Summon Lightning Spire   Summ/Air       9%         N/A       61%         4


Dungeon Overview and Level Annotations

Branches:
Dungeon (1/15)

Altars:


Innate Abilities, Weirdness & Mutations

You have a beak for a mouth.
You have claws for feet.


Message History

You barely miss the jackal. Your peck misses the jackal.
Your bat barely misses the jackal.
The jackal bites you. The jackal barely misses your bat.
You hit the jackal.
The jackal is severely wounded.
The jackal bites you. The jackal closely misses your bat.
Your bat hits the jackal but does no damage.
The jackal closely misses you. The jackal barely misses your bat.
Your bat hits the jackal but does no damage.
Casting: Summon Small Mammal (safe; 3% risk of failure)
Confirm with . or Enter, or press ? or * to list all spells.
Your bat misses the jackal. The jackal completely misses you.
You hit the jackal but do no damage. You peck the jackal.
You kill the jackal!
Your bat misses the jackal. The jackal bites your bat.
The jackal bites your bat but does no damage.
Your bat closely misses the jackal.
Your bat barely misses the jackal.
Your bat barely misses the jackal.
Your bat hits the jackal but does no damage.
The jackal closely misses your bat. The jackal bites your bat.
Your bat barely misses the jackal.
Your rat bites the jackal but does no damage.
Your bat hits the jackal but does no damage.
The jackal bites your bat.
Your bat dies!
Your bat's corpse disappears in a puff of smoke!
The jackal bites your rat.
Your rat dies!
Your rat's corpse disappears in a puff of smoke!
The jackal attacks as you move away! The jackal bites you.
* * * LOW HITPOINT WARNING * * *
The jackal closely misses you.
You see here a rat corpse.
You hit the jackal.
You kill the jackal!
You closely miss the jackal. The jackal misses you.
You completely miss the jackal. The jackal bites you.
* * * LOW HITPOINT WARNING * * *
The jackal bites you.
You die...

#.#.........
#...hK....... #.# #.#
###### #K# #.# ##☼~~°~
#(# #.# #~~~☼~÷ #.## #.#
#~§°#~° # #§§# #.#
#~~~~~~
#..##.#####.#######~~~~~~
#....Khh@........########
#.###.##########...'....<
#.# ########## #.#
#~~~~~~ #.# #~~~~~~ #.#
#~~~#~~ #[# #~~~~~~ #.#
##☼~÷~~ ######


You could see 2 jackals and a kobold.

Vanquished Creatures
  A goblin (D:1)
  2 jackals (D:1)
3 creatures vanquished.

Vanquished Creatures (collateral kills)
  A rat (D:1)
1 creature vanquished.

Grand Total: 4 creatures vanquished

Notes
Turn   | Place    | Note
-------+----------+-------------------------------------------
     0 | D:1      | DoubleLucky the Tengu Summoner began the quest for the Orb.
     0 | D:1      | Reached XP level 1. HP: 10/10 MP: 4/4
   120 | D:1      | Slain by a jackal

Illustrated notes

Levels and vault maps discovered:
D:1:      saegor_arrival_miasma, layout_loops_ring,
          shapermc_ecumenical_altar_ellora, serial_park_tiny_pond, minivault_19,
          minmay_stone_trees_small

Action                   || total
-------------------------++-------
Melee: Dagger            ||     6
       Unarmed           ||     1
       Kick              ||     1
       Peck              ||     1
 Cast: Summon Small Mamm ||    11
Dodge: Dodged            ||     4
